 Dungeon Crawl Stone Soup version 0.29.1-2-gbd0b4ee654 (webtiles) character file.

Game seed: 13204504530024640542

521 GorkyZ the Shield-Bearer (level 7, -1/55 HPs)
             Began as a Formicid Fighter on Nov 21, 2022.
             Was an Initiate of Gozag.
             Killed from afar by a starcursed mass (5 damage)
             ... with an accursed screaming
             ... on level 1 of the Abyss.
             The game lasted 00:15:04 (4173 turns).

GorkyZ the Shield-Bearer (Formicid Fighter)         Turns: 4173, Time: 00:15:06

Health: -1/55      AC:  8    Str: 22    XL:     7   Next: 46%
Magic:  7/7        EV: 10    Int:  8    God:    Gozag
Gold:   310        SH:  5    Dex: 13    Spells: 6/6 levels left

rFire   . . .      SeeInvis +   F - +0 glaive
rCold   . . .      Faith    .   c - +0 buckler
rNeg    . . .      Spirit   .   b - +0 scale mail
rPois   .          Reflect  .   (helmet unavailable)
rElec   .          Harm     .   f - scarf {+Inv}
rCorr   .          Rampage  .   B - +0 pair of gloves
Will    .....                   (no boots)
Stlth   ..........              (no amulet)
HPRegen 0.18/turn               (no ring)
MPRegen 0.10/turn               (no ring)

@: no status effects
A: permanent stasis, dig shafts and tunnels, antennae 3, four strong arms
a: Dig, Shaft Self, Renounce Religion, Evoke Invisibility, Potion Petition, Call
Merchant, Bribe Branch


You were on level 1 of the Abyss.
You worshipped Gozag.
Gozag was aware of your devotion.
You visited 1 branch of the dungeon, and saw 4 of its levels.
You visited the Abyss 1 time.

You collected 340 gold pieces.
You paid 30 gold pieces to Gozag.

Inventory:

Hand Weapons
 a - a +0 quarterstaff
 k - a +2 dagger of venom
 u - the +5 flail of Causality {vorpal, rC+ Str+6}
   (You found it on level 2 of the Dungeon)

   It inflicts extra damage upon your enemies.
   Str:       It affects your strength (+6).
   rC:        It protects you from cold.
 y - a +0 hand axe
 F - a +0 glaive (weapon)
Missiles
 p - 5 poisoned darts (quivered)
 q - 2 javelins
 z - a boomerang
Armour
 b - a +0 scale mail (worn)
 c - a +0 buckler (worn)
 f - a scarf of invisibility (worn)
 A - a +0 leather armour of willpower
 B - a +0 pair of gloves (worn)
Wands
 t - a wand of mindburst (14)
Scrolls
 e - a scroll of amnesia {unknown}
 h - a scroll of torment {unknown}
 j - a scroll of immolation {unknown}
 l - 6 scrolls of identify {unknown}
 o - a scroll of poison {unknown}
 r - a scroll of teleportation {unknown}
 D - a scroll of magic mapping {unknown}
 E - a scroll of fear {unknown}
Potions
 d - 2 potions of might
 g - a potion of curing {unknown}
 i - a potion of ambrosia {unknown}
 m - 2 potions of haste {unknown}
 n - a potion of cancellation {unknown}
 s - 2 potions of attraction {unknown}
 v - a potion of brilliance {unknown}
 w - a potion of berserk rage {unknown}
 x - a potion of mutation {unknown}
 C - a potion of invisibility {unknown}


   Skills:
 + Level 4.5 Fighting
 - Level 2.0(2.6) Maces & Flails
 + Level 0.0(1.3) Polearms
 - Level 2.3(2.7) Staves
 + Level 2.4 Throwing
 + Level 4.4 Armour
 + Level 2.2 Dodging
 + Level 5.4 Shields
 + Level 2.6 Evocations


You had 6 spell levels left.
You didn't know any spells.
Your spell library contained the following spells:

 Spells                   Type           Power      Damage    Failure   Level
 Necrotise                Necr           0%         1d4       80%         1
 Ensorcelled Hibernation  Hex/Ice        0%         N/A       90%         2
 Passwall                 Tmut/Erth      0%         N/A       90%         2
 Gell's Gravitas          Tloc           0%         N/A       99%         3
 Lesser Beckoning         Tloc           0%         N/A       99%         3
 Ozocubu's Armour         Ice            0%         N/A       99%         3
 Teleport Other           Tloc           0%         N/A       99%         3
 Vampiric Draining        Necr           0%         2d6       99%         3
 Agony                    Necr           0%         N/A       100%        5
 Metabolic Englaciation   Hex/Ice        0%         N/A       100%        5
 Ozocubu's Refrigeration  Ice            0%         4d7       100%        7
 Swiftness                Air            Unusable   N/A       N/A         3
 Simulacrum               Ice/Necr       Unusable   N/A       N/A         6

Dungeon Overview and Level Annotations

Branches:
Dungeon (4/15)
 Temple: D:4-7

Altars:
Cheibriados
Gozag
Hepliaklqana
Okawaru
Xom
The Shining One

Portals:
Abyss: D:3

Annotations:
D:3 2 transporters, GorkyZ's ghost, amateur DsFi
D:4 Crazy Yiuf


Innate Abilities, Weirdness & Mutations

You cannot be hasted, slowed, berserked, paralysed or teleported.
You can dig through walls and to a lower floor.
You have a pair of large antennae on your head. (SInv)
Your four strong arms can wield two-handed weapons with a shield.


Message History

There are monsters nearby!
There are monsters nearby!
Unknown command.
A starcursed mass splits.
A chorus of shrieks assaults your mind.
* * * LOW HITPOINT WARNING * * *
You are too injured to fight recklessly!
You are too injured to fight recklessly!
Unknown command.
You are too injured to fight recklessly!
You are too injured to fight recklessly!
Unknown command.
You are too injured to fight recklessly!
You are too injured to fight recklessly!
You hit the starcursed mass.
The starcursed mass is lightly damaged.
The starcursed mass shudders and is absorbed by its neighbour.
A starcursed mass splits.
You slash the starcursed mass!
The starcursed mass is moderately damaged.
The starcursed mass shudders and is absorbed by its neighbour.
You slash the starcursed mass!
The starcursed mass is moderately damaged.
The starcursed mass shudders and is absorbed by its neighbour.
A starcursed mass splits.
A starcursed mass splits.
A chorus of shrieks assaults your mind.
* * * LOW HITPOINT WARNING * * *
A starcursed mass splits.
You slash the starcursed mass!
The starcursed mass is severely damaged.
The starcursed mass shudders and is absorbed by its neighbour.
A starcursed mass splits.
You hit the starcursed mass.
The starcursed mass is heavily damaged.
The starcursed mass shudders and is absorbed by its neighbour.
A starcursed mass splits.
A chorus of shrieks assaults your mind.
You die...
Your body crumbles into a pile of gold.

# . .
# ####
#
#@#..#
##X#
#X#
#..# #
..X
..#
#.. .#
{ X#.
## .##
{ .#


You could see 4 starcursed masses.

Vanquished Creatures
  Eustachio (D:4)
  An ogre (D:4)
  Blork the orc (D:4)
  An orc priest (D:3)
  Robin (D:4)
  3 gnolls (D:4)
  5 adders
  An ufetubus (D:4)
  3 worms (D:2)
  6 orcs
  10 ball pythons
  7 bats
  9 endoplasms
  4 giant cockroaches
  14 goblins
  7 hobgoblins
  3 jackals (D:3)
  5 quokkas
  4 frilled lizards
  5 kobolds
  7 rats
98 creatures vanquished.

Notes
Turn   | Place    | Note
-------+----------+-------------------------------------------
     0 | D:1      | GorkyZ the Formicid Fighter began the quest for the Orb.
     0 | D:1      | Reached XP level 1. HP: 18/18 MP: 1/1
   180 | D:1      | Reached XP level 2. HP: 24/24 MP: 2/2
   391 | D:1      | Reached XP level 3. HP: 23/29 MP: 3/3
   871 | D:1      | Reached skill level 1 in Evocations
  1055 | D:2      | Reached skill level 1 in Throwing
  1465 | D:2      | Reached XP level 4. HP: 36/36 MP: 4/4
  1684 | D:2      | Identified the +5 flail of Causality {vorpal, rC+ Str+6}
  1924 | D:2      | Reached skill level 1 in Dodging
  2243 | D:3      | Reached XP level 5. HP: 42/42 MP: 5/5
  2303 | D:3      | Found a snail-covered altar of Cheibriados.
  2344 | D:3      | Found a shimmering altar of Xom.
  2434 | D:3      | Found an opulent altar of Gozag.
  2460 | D:3      | Became a worshipper of Gozag Ym Sagoz the Greedy
  2491 | D:3      | Found a transporter.
  2497 | D:3      | Found a transporter.
  2576 | D:3      | Noticed a toenail golem
  2614 | D:3      | Found a one-way gate to the infinite horrors of the Abyss.
  2614 | D:3      | Noticed GorkyZ's ghost (amateur DsFi)
  2614 | D:3      | Noticed a small abomination
  2870 | D:4      | Reached skill level 1 in Maces & Flails
  3104 | D:4      | Reached XP level 6. HP: 48/48 MP: 6/6
  3116 | D:4      | Noticed Blork the orc
  3129 | D:4      | Killed Blork the orc
  3247 | D:4      | Noticed an ogre
  3260 | D:4      | Killed an ogre
  3261 | D:4      | Reached skill level 5 in Shields
  3313 | D:4      | Noticed Robin
  3314 | D:4      | Found an iron altar of Okawaru.
  3351 | D:4      | Killed Robin
  3352 | D:4      | Reached XP level 7. HP: 34/55 MP: 7/7
  3447 | D:4      | Noticed Eustachio
  3482 | D:4      | Found a hazy altar of Hepliaklqana.
  3482 | D:4      | Found a glowing golden altar of the Shining One.
  3496 | D:4      | Killed Eustachio
  4019 | D:4      | Found a runed translucent door.
  4024 | D:4      | Noticed Crazy Yiuf
  4031 | Abyss:1  | Cast into level 1 of the Abyss (Crazy Yiuf)
  4157 | Abyss:1  | Noticed a starcursed mass
  4173 | Abyss:1  | Killed from afar by a starcursed mass

Illustrated notes

Levels and vault maps discovered:
D:1:      dpeg_arrival_another_circle, layout_loops_ring
D:2:      layout_basic, minmay_tall_x
D:3:      layout_rooms, mainiacjoe_overflow_small_starburst,
          general_overflow_altar, nicolae_overflow_crystal_walls,
          gammafunk_ghost_abyssal_escape
D:4:      layout_basic, okawaru_trees_2, kennysheep_little_box,
          grunt_temple_overflow_open, kennysheep_donut, uniq_robin, uniq_edmund,
          uniq_crazy_yiuf_cottage, uniq_blork_the_orc, uniq_eustachio
Abyss:1:  base: Temple, base: D:4, guppyfry_abyss_exit_glass_guarded

Skill      XL: |  1  2  3  4  5  6  7 |
---------------+----------------------+-----
Evocations     | 1 2 |  2.6
Throwing       | 1 2 |  2.4
Dodging        | 1 2 |  2.2
Fighting       | 4 |  4.5
Maces & Flails | 1 2 |  2.0
Armour         | 4 |  4.4
Shields        | 5 |  5.4
Staves         | |  2.3

Action                   |  1- 3 |  4- 6 |  7- 9 || total
-------------------------+-------+-------+-------++-------
Melee: Quarterstaff      |    91 |     6 |       ||    97
       Flail             |       |    81 |       ||    81
       Hand axe          |       |    23 |     2 ||    25
       Glaive            |       |     1 |    38 ||    39
Throw: Dart              |       |     8 |     6 ||    14
       Javelin           |       |       |     1 ||     1
Armor: Scale mail        |    35 |    60 |    43 ||   138
       Leather armour    |       |     3 |       ||     3
Dodge: Dodged            |    41 |    73 |    67 ||   181
Block: Buckler           |    29 |    35 |    25 ||    89
